[ AOE2 MATCH · #513642515 ]
UnrankedTeutons vs Maya
Player's team · WIN
Rival team · LOSS
[ REPLAY ANALYSIS · EXTRACTED FROM THE RECORDED GAME ]
Feudal
8:56
Castle
20:46
Imperial
33:05
| APM avg | 60.9 |
| APM peak | 108 |
| eAPM avg | 30.1 |
| Villagers / military | 158 / 216 |
Focus
⚔️ 36.8% · 🌾 63.2%
Skirmisher ×65 · Knight ×57 · Hand Cannoneer ×57 · Archer ×20 · Trebuchet (Packed) ×14 · Militia ×3
Feudal
13:05
Castle
17:33
Imperial
34:14
| APM avg | 45.4 |
| APM peak | 78 |
| eAPM avg | 26.8 |
| Villagers / military | 194 / 152 |
Focus
⚔️ 42.9% · 🌾 57.1%
Eagle Scout ×55 · Spearman ×34 · Plumed Archer ×30 · Archer ×14 · Militia ×10 · Trebuchet (Packed) ×7
Match map
Initial resources + every placement click. Lines = walls · curves = elevation contours. ◆ gold · ⬟ stone · ● berries · ✦ relic · ◌ wall gap
Your base· ✓ Closed at 20:46 · 21t walls · no gate
goodguy's base· ✓ Closed at 17:33 · 43t walls · no gate
Smoothed initial terrain · ◌ = detected wall gap · hover for details
Inputs per minute
— Youssef - - goodguy
Build order — Youssef
First 150 of 558 actions detected
| 0:01 | Queue | Villager (Male) |
| 0:01 | Queue | Villager (Male) |
| 0:02 | Build | House |
| 0:02 | Build | House |
| 0:05 | Queue | Villager (Male) |
| 0:06 | Queue | Villager (Male) |
| 1:10 | Queue | Villager (Male) |
| 1:57 | Build | Lumber Camp |
| 1:58 | Queue | Villager (Male) |
| 2:14 | Queue | Villager (Male) |
| 2:49 | Queue | Villager (Male) |
| 3:07 | Queue | Villager (Male) |
| 3:28 | Build | House |
| 3:36 | Queue | Villager (Male) |
| 3:58 | Queue | Villager (Male) |
| 4:31 | Build | Mill |
| 4:37 | Queue | Villager (Male) |
| 4:46 | Queue | Villager (Male) |
| 5:08 | Queue | Villager (Male) |
| 5:39 | Research | Loom |
| 5:55 | Queue | Villager (Male) |
| 6:06 | Queue | Villager (Male) |
| 6:07 | Research | Loom |
| 6:46 | Research | Feudal Age |
| 6:59 | Build | Barracks |
| 7:06 | Build | House |
| 7:56 | Queue | Militia |
| 8:03 | Build | Mining Camp |
| 8:21 | Queue | Militia |
| 8:46 | Queue | Militia |
| 8:56 | Age | Feudal Age |
| 9:01 | Queue | Villager (Male) |
| 9:33 | Queue | Villager (Male) |
| 9:36 | Build | Archery Range |
| 9:41 | Build | House |
| 9:49 | Queue | Villager (Male) |
| 10:24 | Queue | Villager (Male) |
| 10:37 | Queue | Archer |
| 10:37 | Queue | Archer |
| 10:44 | Queue | Villager (Male) |
| 10:45 | Build | Mill |
| 11:01 | Build | House |
| 11:11 | Build | Blacksmith |
| 11:11 | Queue | Villager (Male) |
| 11:38 | Queue | Archer |
| 11:39 | Queue | Villager (Male) |
| 12:07 | Research | Fletching |
| 12:08 | Queue | Villager (Male) |
| 12:16 | Build | Farm |
| 12:16 | Build | Farm |
| 12:17 | Build | Farm |
| 12:19 | Build | Farm |
| 12:20 | Build | Farm |
| 12:24 | Queue | Villager (Male) |
| 12:29 | Queue | Archer |
| 12:39 | Build | House |
| 12:47 | Build | Farm |
| 13:00 | Queue | Archer |
| 13:04 | Build | House |
| 13:05 | Build | House |
| 13:26 | Queue | Villager (Male) |
| 13:27 | Build | Farm |
| 13:28 | Build | Farm |
| 13:29 | Queue | Villager (Male) |
| 13:33 | Build | House |
| 13:35 | Queue | Archer |
| 14:12 | Queue | Villager (Male) |
| 14:16 | Queue | Archer |
| 14:19 | Build | Farm |
| 14:20 | Build | Farm |
| 14:29 | Research | Man-at-Arms (upgrade) |
| 14:30 | Queue | Villager (Male) |
| 14:54 | Queue | Villager (Male) |
| 14:55 | Queue | Archer |
| 14:56 | Build | Farm |
| 15:01 | Build | House |
| 15:06 | Build | House |
| 15:12 | Queue | Archer |
| 15:13 | Queue | Villager (Male) |
| 15:25 | Queue | Villager (Male) |
| 15:43 | Queue | Villager (Male) |
| 15:49 | Queue | Archer |
| 16:19 | Queue | Archer |
| 16:20 | Queue | Villager (Male) |
| 16:21 | Build | Farm |
| 16:22 | Build | Farm |
| 16:24 | Build | Farm |
| 16:43 | Queue | Villager (Male) |
| 17:13 | Queue | Villager (Male) |
| 17:20 | Build | Farm |
| 17:20 | Build | Farm |
| 17:21 | Build | Farm |
| 17:23 | Queue | Archer |
| 18:06 | Research | Castle Age |
| 18:06 | Research | Castle Age |
| 18:15 | Build | House |
| 18:16 | Build | Palisade Wall |
| 18:20 | Build | House |
| 18:21 | Build | House |
| 18:25 | Build | Palisade Wall |
| 18:29 | Queue | Archer |
| 18:29 | Queue | Archer |
| 18:37 | Research | Padded Archer Armor |
| 18:37 | Research | Padded Archer Armor |
| 18:38 | Queue | Villager (Male) |
| 18:45 | Build | Lumber Camp |
| 18:54 | Research | Horse Collar |
| 18:55 | Research | Horse Collar |
| 18:58 | Build | Palisade Wall |
| 19:00 | Queue | Archer |
| 19:18 | Build | Palisade Wall |
| 19:29 | Queue | Archer |
| 20:00 | Build | Palisade Wall |
| 20:15 | Queue | Archer |
| 20:46 | Age | Castle Age |
| 20:47 | Research | Bodkin Arrow |
| 20:47 | Research | Bodkin Arrow |
| 20:55 | Research | Crossbowman (upgrade) |
| 20:55 | Research | Crossbowman (upgrade) |
| 20:56 | Queue | Villager (Male) |
| 20:58 | Queue | Skirmisher |
| 21:07 | Research | Double-Bit Axe |
| 21:07 | Research | Double-Bit Axe |
| 21:10 | Build | Lumber Camp |
| 21:25 | Queue | Villager (Male) |
| 21:53 | Queue | Villager (Male) |
| 22:02 | Research | Bow Saw |
| 22:02 | Research | Bow Saw |
| 22:20 | Queue | Villager (Male) |
| 22:27 | Queue | Archer |
| 22:29 | Queue | Skirmisher |
| 22:30 | Queue | Villager (Male) |
| 23:02 | Build | Town Center |
| 23:07 | Queue | Villager (Male) |
| 23:14 | Build | Palisade Wall |
| 23:18 | Queue | Skirmisher |
| 23:22 | Queue | Villager (Male) |
| 23:36 | Queue | Skirmisher |
| 23:40 | Research | Leather Archer Armor |
| 23:54 | Queue | Villager (Male) |
| 24:05 | Queue | Villager (Male) |
| 24:06 | Queue | Villager (Male) |
| 24:06 | Queue | Skirmisher |
| 24:26 | Build | Town Center |
| 24:30 | Queue | Skirmisher |
| 24:32 | Queue | Villager (Male) |
| 24:40 | Queue | Villager (Male) |
| 24:42 | Research | Wheelbarrow |
| 24:43 | Research | Heavy Plow |
| 24:44 | Research | Heavy Plow |
Build order — goodguy
First 150 of 592 actions detected
| 0:00 | Research | Loom |
| 0:02 | Build | House |
| 0:04 | Build | House |
| 0:08 | Queue | Villager (Male) |
| 0:08 | Queue | Villager (Male) |
| 0:10 | Queue | Villager (Male) |
| 1:16 | Queue | Villager (Male) |
| 2:00 | Queue | Villager (Male) |
| 2:05 | Build | Lumber Camp |
| 2:07 | Queue | Villager (Male) |
| 2:51 | Queue | Villager (Male) |
| 2:52 | Queue | Villager (Male) |
| 3:45 | Queue | Villager (Male) |
| 3:45 | Queue | Villager (Male) |
| 3:56 | Build | House |
| 4:32 | Queue | Villager (Male) |
| 4:37 | Build | Barracks |
| 4:56 | Queue | Villager (Male) |
| 5:06 | Build | House |
| 5:07 | Build | Palisade Wall |
| 5:21 | Queue | Villager (Male) |
| 5:31 | Queue | Militia |
| 5:51 | Queue | Villager (Male) |
| 5:52 | Queue | Militia |
| 5:57 | Build | Palisade Wall |
| 6:08 | Queue | Villager (Male) |
| 6:09 | Queue | Militia |
| 6:32 | Build | Mill |
| 6:38 | Queue | Villager (Male) |
| 6:56 | Queue | Villager (Male) |
| 6:59 | Build | Palisade Wall |
| 7:33 | Queue | Villager (Male) |
| 7:37 | Build | House |
| 8:13 | Queue | Villager (Male) |
| 8:16 | Build | Mill |
| 8:25 | Queue | Villager (Male) |
| 8:29 | Build | Palisade Wall |
| 8:44 | Build | House |
| 9:13 | Queue | Villager (Male) |
| 9:17 | Build | Palisade Wall |
| 9:19 | Build | Palisade Wall |
| 9:40 | Queue | Villager (Male) |
| 10:02 | Queue | Villager (Male) |
| 10:14 | Queue | Villager (Male) |
| 10:26 | Build | Palisade Wall |
| 10:32 | Queue | Villager (Male) |
| 10:34 | Build | Mining Camp |
| 10:49 | Research | Feudal Age |
| 10:52 | Build | Farm |
| 10:52 | Build | Farm |
| 10:53 | Build | Farm |
| 11:06 | Build | Farm |
| 11:12 | Build | Farm |
| 11:37 | Build | Farm |
| 12:11 | Queue | Villager (Male) |
| 12:23 | Build | Palisade Wall |
| 12:25 | Build | Palisade Wall |
| 13:05 | Age | Feudal Age |
| 13:07 | Build | Archery Range |
| 13:10 | Build | Blacksmith |
| 13:24 | Build | Palisade Wall |
| 13:32 | Queue | Villager (Male) |
| 13:36 | Build | House |
| 13:45 | Build | House |
| 13:53 | Queue | Villager (Male) |
| 14:20 | Build | Farm |
| 14:20 | Queue | Villager (Male) |
| 14:26 | Build | Farm |
| 14:46 | Build | Archery Range |
| 14:53 | Research | Castle Age |
| 14:54 | Queue | Archer |
| 15:04 | Build | House |
| 15:07 | Queue | Archer |
| 15:27 | Build | House |
| 15:29 | Build | Palisade Wall |
| 15:32 | Queue | Villager (Male) |
| 15:33 | Queue | Archer |
| 15:44 | Research | Fletching |
| 15:51 | Build | Stone Wall |
| 15:52 | Build | Stone Wall |
| 16:01 | Queue | Archer |
| 16:10 | Queue | Villager (Male) |
| 16:14 | Queue | Archer |
| 16:31 | Queue | Archer |
| 16:51 | Queue | Villager (Male) |
| 16:53 | Build | Lumber Camp |
| 16:58 | Queue | Archer |
| 17:01 | Queue | Villager (Male) |
| 17:13 | Queue | Archer |
| 17:33 | Age | Castle Age |
| 17:35 | Research | Crossbowman (upgrade) |
| 17:51 | Queue | Archer |
| 17:57 | Queue | Villager (Male) |
| 18:12 | Queue | Villager (Male) |
| 18:24 | Build | Town Center |
| 18:26 | Queue | Archer |
| 18:31 | Queue | Villager (Male) |
| 18:43 | Queue | Archer |
| 18:53 | Queue | Villager (Male) |
| 18:57 | Build | Farm |
| 19:00 | Queue | Archer |
| 19:16 | Build | House |
| 19:18 | Queue | Villager (Male) |
| 19:21 | Build | Farm |
| 19:22 | Queue | Archer |
| 19:27 | Queue | Archer |
| 19:38 | Research | Double-Bit Axe |
| 19:45 | Queue | Villager (Male) |
| 20:06 | Build | Farm |
| 20:07 | Build | Farm |
| 20:10 | Queue | Villager (Male) |
| 20:19 | Build | Farm |
| 20:20 | Build | Farm |
| 20:25 | Build | Farm |
| 20:27 | Queue | Villager (Male) |
| 20:43 | Build | Farm |
| 20:46 | Queue | Villager (Male) |
| 21:14 | Queue | Villager (Male) |
| 21:15 | Queue | Villager (Male) |
| 21:29 | Queue | Villager (Male) |
| 21:38 | Queue | Villager (Male) |
| 21:45 | Queue | Villager (Male) |
| 21:46 | Queue | Villager (Male) |
| 21:56 | Queue | Villager (Male) |
| 22:04 | Queue | Villager (Male) |
| 22:20 | Queue | Villager (Male) |
| 22:23 | Queue | Villager (Male) |
| 22:25 | Build | House |
| 22:27 | Queue | Villager (Male) |
| 22:40 | Build | Castle |
| 22:41 | Queue | Villager (Male) |
| 22:46 | Research | Bow Saw |
| 22:51 | Research | Horse Collar |
| 22:52 | Queue | Villager (Male) |
| 22:55 | Build | House |
| 22:56 | Build | House |
| 23:01 | Build | Farm |
| 23:02 | Build | Farm |
| 23:04 | Build | Farm |
| 23:04 | Queue | Villager (Male) |
| 23:15 | Queue | Villager (Male) |
| 23:23 | Build | Town Center |
| 23:26 | Build | Town Center |
| 23:26 | Queue | Villager (Male) |
| 23:31 | Build | Farm |
| 23:31 | Queue | Villager (Male) |
| 23:54 | Queue | Villager (Male) |
| 24:03 | Queue | Villager (Male) |
| 24:07 | Build | Farm |
| 24:08 | Build | Farm |
Match timeline
| 4:37 | goodguy · first_building Barracks |
| 5:07 | goodguy · wall_segment Palisade Wall x1 |
| 5:57 | goodguy · wall_segment Palisade Wall x8 |
| 6:59 | goodguy · wall_segment Palisade Wall x10 |
| 6:59 | Youssef · first_building Barracks |
| 8:29 | goodguy · wall_segment Palisade Wall x1 |
| 8:56 | Youssef · age_up feudal |
| 9:17 | goodguy · wall_segment Palisade Wall x12 |
| 9:19 | goodguy · wall_segment Palisade Wall x2 |
| 9:36 | Youssef · first_building Archery Range |
| 10:26 | goodguy · wall_segment Palisade Wall x1 |
| 12:23 | goodguy · wall_segment Palisade Wall x2 |
| 12:25 | goodguy · wall_segment Palisade Wall x2 |
| 13:05 | goodguy · age_up feudal |
| 13:07 | goodguy · first_building Archery Range |
| 13:24 | goodguy · wall_segment Palisade Wall x4 |
| 15:29 | goodguy · wall_segment Palisade Wall x1 |
| 15:51 | goodguy · wall_segment Stone Wall x1 |
| 15:52 | goodguy · wall_segment Stone Wall x1 |
| 17:33 | goodguy · age_up castle |
| 18:16 | Youssef · wall_segment Palisade Wall x1 |
| 18:25 | Youssef · wall_segment Palisade Wall x13 |
| 18:58 | Youssef · wall_segment Palisade Wall x1 |
| 19:18 | Youssef · wall_segment Palisade Wall x5 |
| 20:00 | Youssef · wall_segment Palisade Wall x1 |
| 20:46 | Youssef · age_up castle |
| 22:40 | goodguy · first_building Castle |
| 23:14 | Youssef · wall_segment Palisade Wall x1 |
| 27:59 | goodguy · wall_segment Stone Wall x1 |
| 28:23 | goodguy · wall_segment Stone Wall x1 |
| 28:25 | goodguy · wall_segment Stone Wall x1 |
| 28:35 | goodguy · wall_segment Stone Wall x1 |
| 29:17 | Youssef · first_building Siege Workshop |
| 29:40 | Youssef · first_market_sell 100 food |
| 30:10 | Youssef · first_building Stable |
| 30:24 | goodguy · first_market_sell 100 wood |
| 30:28 | goodguy · first_market_buy 100 food |
| 31:43 | Youssef · first_market_buy 100 stone |
| 32:11 | Youssef · first_building Castle |
| 33:05 | Youssef · age_up imperial |
| 34:14 | goodguy · age_up imperial |
| 34:56 | Youssef · wall_segment Stone Wall x1 |
| 34:57 | Youssef · wall_segment Stone Wall x1 |
| 37:25 | goodguy · first_building Monastery |
| 47:00 | goodguy · resign |
[ AI ANALYSIS · 1 CREDIT ]
What really happened in this match?
Wolo.gg analyzes every decision: build order, eco, micro, common mistakes by bracket. Personalized analysis on WhatsApp or Discord in 30 seconds.
Civ guide
Teutons
Perfil
Youssef